 Dungeon Crawl Stone Soup version 0.26-a0-606-g3c8f2f65f7 (webtiles) character file.

Game seed: 7698590044504772323

87431 hark the Peltast (level 15, -8/136 HPs)
             Began as a Minotaur Fighter on Sept 1, 2020.
             Was the Champion of Okawaru.
             Mangled by an orc warlord
             ... wielding a +1 vampiric broad axe
              (24 damage)
             ... on level 2 of the Orcish Mines.
             The game lasted 00:40:31 (30406 turns).

hark the Peltast (Minotaur Fighter)                Turns: 30406, Time: 00:40:33

Health: -8/136     AC: 38    Str: 28      XL:     15   Next: 43%
Magic:  14/14      EV:  6    Int:  0 (5)  God:    Okawaru [******]
Gold:   2343       SH: 21    Dex:  9      Spells: 14/14 levels left

rFire    . . .     SeeInvis .   X - +8 scimitar (flame)
rCold    + + +     Faith    .   r - +1 tower shield
rNeg     . . .     Spirit   .   w - +11 plate armour of the Tarantula {rC++ MR+}
rPois    .         Reflect  .   (helmet restricted)
rElec    .         Harm     .   v - +2 cloak
rCorr    .                      C - +2 pair of gloves
MR       +++..                  Y - +0 pair of boots
Stlth    ..........             M - amulet "Mavixtu" {rC++ Regen+}
HPRegen  0.72/turn              S - +4 ring of protection
MPRegen  0.14/turn              g - ring of protection from magic

@: slowed, lost intelligence, heavily drained, very slow
A: retaliatory headbutt, horns 2
a: Heroism, Finesse, Renounce Religion


You were on level 2 of the Orcish Mines.
You worshipped Okawaru.
Okawaru was exalted by your worship.
You visited 3 branches of the dungeon, and saw 23 of its levels.
You visited the Abyss 1 time.
You also visited: Ice Cave.

You collected 2982 gold pieces.
You spent 639 gold pieces at shops.

Inventory:

Hand Weapons
 X - a +8 scimitar of flaming (weapon)
Missiles
 t - 18 javelins (quivered)
 H - 8 silver javelins
Armour
 r - a +1 tower shield (worn)
 v - a +2 cloak (worn)
 w - the +11 plate armour of the Tarantula (worn) {rC++ MR+}
   (Okawaru gifted it to you on level 12 of the Dungeon)

   It greatly protects you from cold.
   It affects your resistance to hostile enchantments.
 y - the +8 plate armour of the Thirteen Beggars {rPois}
   (Okawaru gifted it to you on level 5 of the Lair of Beasts)

   It protects you from poison.
 C - a +2 pair of gloves (worn)
 Y - a +0 pair of boots (worn)
Jewellery
 g - a ring of protection from magic (right hand)
 p - a +6 ring of dexterity
 G - an uncursed ring of protection from cold
 M - the amulet "Mavixtu" (around neck) {rC++ Regen+}
   (You found it in an ice cave)

   [amulet of regeneration]

   It greatly protects you from cold.
   It increases your rate of regeneration.
 S - a +4 ring of protection (left hand)
 V - an uncursed ring of protection from fire
Wands
 i - a wand of paralysis (4)
 x - a wand of iceblast (18)
 F - a wand of flame (49)
 K - a wand of acid (20)
 P - a wand of digging (5)
 Q - a wand of disintegration (9)
 U - a wand of polymorph (4)
Scrolls
 c - 2 scrolls of identify
 e - 5 scrolls of teleportation
 f - 9 scrolls of remove curse
 k - 4 scrolls of fear
 m - 2 scrolls of fog
 o - a scroll of random uselessness {unknown}
 s - 3 scrolls of blinking
 J - a scroll of magic mapping {unknown}
 L - 2 scrolls of summoning
 R - 2 scrolls of silence {unknown}
 T - 2 scrolls of vulnerability {unknown}
 W - a scroll of acquirement {unknown}
 Z - 2 scrolls of holy word {unknown}
Potions
 a - 2 potions of flight
 b - 4 potions of ambrosia
 d - 6 potions of might
 h - a potion of cancellation {unknown}
 l - a potion of invisibility {unknown}
 n - 5 potions of heal wounds
 u - a potion of haste
 z - 9 potions of curing
 A - 2 potions of berserk rage {unknown}
 B - a potion of brilliance {unknown}
 D - 2 potions of magic {unknown}
 E - 3 potions of resistance {unknown}
Miscellaneous
 N - a lightning rod (3/4)


   Skills:
 + Level 13.3(9.9) Fighting
 - Level 15.2(11.7) Long Blades
 * Level 7.5(4.5) Throwing
 + Level 13.8(10.3) Armour
 + Level 4.6(1.9) Dodging
 - Level 1.4(0.0) Stealth
 + Level 17.5(13.7) Shields
 + Level 0.4(0.0) Invocations
 * Level 6.4(3.5) Evocations


You had 14 spell levels left.
You didn't know any spells.
Your spell library contained the following spells:

 Spells                   Type           Power        Failure   Level
 Animate Skeleton         Necr           #.....       100%        1
 Beastly Appendage        Tmut           #.....       100%        1
 Pain                     Necr           #...         100%        1
 Wereblood                Tmut           #.......     100%        2
 Spider Form              Tmut/Pois      #.........   100%        3
 Vampiric Draining        Necr           #.........   100%        3
 Animate Dead             Necr           #.........   100%        4
 Ice Form                 Ice/Tmut       #.......     100%        4
 Agony                    Necr           #.......     100%        5
 Blade Hands              Tmut           #.........   100%        5
 Bolt of Magma            Conj/Fire/Erth #.........   100%        5
 Iskenderun's Battlesphe  Conj           #.......     100%        5
 Iron Shot                Conj/Erth      #.........   100%        6
 Orb of Destruction       Conj           #.........   100%        7
 Spellforged Servitor     Conj/Summ      #.........   100%        7


Dungeon Overview and Level Annotations

Branches:
Dungeon (15/15) Temple (0/1) D:5 Lair (6/6) D:9 Shoals (0/4) Lair:2 Spider (0/4) Lair:2 Slime (0/5) Lair:6 Orc (2/2) D:10 Vaults (0/5) D:12 D:13 Depths (0/5) D:15 IceCv (visited) Elf: Orc:2

Altars:
Cheibriados
Fedhas
Okawaru
Qazlal
Vehumet
Xom
The Shining One
Jiyva

Shops:
D:6 [   D:8 (![   D:10 *   D:12 *   D:13 [!   D:15 [

Annotations:
D:6 1 runed translucent door, Crazy Yiuf
D:9 3 runed translucent doors, hemabe71's ghost, novice HuAr
D:14 1 runed translucent door
Orc:1 1 runed translucent door, exclusion: 4 orange crystal statues


Innate Abilities, Weirdness & Mutations

You reflexively headbutt those who attack you in melee.
You have a pair of horns on your head.


Message History

The soul eater disappears in a puff of smoke!
You block the warg's attack. You block the orc warrior's attack.
You block the warg's attack.
The orc warlord hits you but does no damage.
The stone giant hits you but does no damage.
You hear some strange, mumbled words.
A puff of frost appears from out of thin air!
The puff of frost hits you but does no damage.
The orc warrior hits you with a +0 dire flail!
* * * LOW HITPOINT WARNING * * *
The orc warrior hits you from afar with a +0 glaive.
* * * LOW HITPOINT WARNING * * *
You almost manage to decipher the scroll, but fail in this attempt.
The chaos spawn degenerates into a cloud of primal chaos!
You block the warg's attack. Something hits you but does no damage.
The neqoxec gestures at you.
Something tries to feed on your intellect!
The stone giant closely misses you.
The orc warlord hits you with a +1 vampiric broad axe!!
You die...

##................
###.................
##$#..........#......
#...#..))............
#...#.(.............
#...o.#).............
##oooo)3.............
##Coh§o.............
##@{#.#.##...^.....
#o..#..##.........
#..#..............
#...##..##.........
##.###...#.))......
### ##.#...)..#...
##......##...
##.#####....
##.##......


You could see an orc warlord, a stone giant, a neqoxec (summoned), a warg, an
orc sorcerer (strong), 2 orc warriors and 4 orcs.

Vanquished Creatures
  Louise (D:14)
  Nessos (Orc:2)
  3 dire elephants (Lair:6)
  Josephine (D:11)
  An ettin (D:15)
  A fire dragon (D:14)
  The ghost of Uxoog the Grappler, a journeyman VSWn of Ashenzari (Lair:5)
  2 ice dragons (IceCv)
  Fannar (D:12)
  9 hydras
  An anaconda (Lair:6)
  A catoblepas (Lair:5)
  Erica (D:9)
  5 centaur warriors
  6 two-headed ogres
  Urug (D:12)
  Sonja (Lair:5)
  The ghost of Murumi the Blocker, a novice FoFi of Okawaru (D:7)
  4 unseen horrors
  A deep troll (D:15)
  A wizard (D:13)
  A lindwurm (Lair:6)
  2 deep elf magi
  2 orc sorcerers (Orc:2)
  12 ugly things
  4 elephants (Lair:6)
  5 oklob plants
  A cyclops (D:12)
  A manticore (D:15)
  2 ice statues (IceCv)
  A black mamba (shapeshifter) (D:14)
  5 centaur zombies
  Maurice (D:12)
  2 black mambas (Lair:3)
  7 cane toads
  Maggie (D:10)
  A torpor snail (Lair:4)
  A gargoyle (D:14)
  5 rime drakes
  11 komodo dragons
  4 jumping spiders (Lair:2)
  3 meliai (D:15)
  A harpy zombie (D:15)
  5 trolls
  A tengu conjurer (D:12)
  Grinder (D:6)
  A polar bear (Lair:5)
  A queen bee (D:10)
  A hornet (D:15)
  Prince Ribbit (D:6)
  4 blink frogs
  11 hippogriffs
  8 dream sheep
  3 redbacks (Lair:2)
  Sigmund (D:6)
  A small abomination (Abyss:2)
  5 wraiths
  16 humans
  4 shadows
  A vampire (D:14)
  2 wyverns (Lair:5)
  10 basilisks
  27 yaks
  A steam dragon (D:9)
  4 vampire mosquitoes (D:12)
  Menkaure (D:7)
  2 acid dragons
  Duvessa (D:6)
  15 water moccasins
  12 porcupines
  12 orc warriors
  3 sky beasts
  2 black bears
  9 ogres
  30 ice beasts
  2 phantoms
  A necrophage (D:6)
  8 wolves
  7 centaurs
  9 crocodiles
  6 big kobolds
  17 bullfrogs
  A wyvern zombie (D:9)
  3 gnoll sergeants
  A hornet simulacrum (D:13)
  A scorpion (D:14)
  A water moccasin skeleton (D:8)
  Dowan (D:6)
  19 killer bees (D:10)
  32 wights
  5 howler monkeys
  An electric eel (Lair:3)
  A bullfrog zombie (D:12)
  13 hounds
  5 jellies
  A bullfrog skeleton (D:9)
  10 orc priests
  22 orc wizards
  7 centaur skeletons
  4 iguanas
  13 worker ants
  A killer bee zombie (D:10)
  A hound skeleton (D:4)
  2 worker ant zombies (D:10)
  16 gnolls
  15 adders
  3 shadow imps
  A white imp (D:6)
  2 ufetubi (D:8)
  2 oozes
  An adder zombie (D:5)
  2 adder skeletons
  4 worms (D:2)
  4 dart slugs
  7 leopard geckos
  84 orcs
  2 ball pythons
  4 bats
  9 giant cockroaches
  12 goblins
  21 hobgoblins
  23 jackals
  6 quokkas
  7 frilled lizards
  A jackal skeleton (D:2)
  15 kobolds
  3 leopard gecko skeletons
  12 rats
764 creatures vanquished.

Vanquished Creatures (others)
  13 fungi
  68 plants
81 creatures vanquished.

Grand Total: 845 creatures vanquished

Notes
Turn   | Place    | Note
-------+----------+-------------------------------------------
     0 | D:1      | hark the Minotaur Fighter began the quest for the Orb.
     0 | D:1      | Reached XP level 1. HP: 19/19 MP: 0/0
    66 | D:1      | Reached XP level 2. HP: 27/27 MP: 1/1
   326 | D:1      | Reached XP level 3. HP: 33/33 MP: 2/2
   350 | D:1      | Reached skill level 4 in Shields
   887 | D:2      | Reached XP level 4. HP: 39/40 MP: 3/3
  1248 | D:2      | Found a stormy altar of Qazlal.
  1527 | D:2      | Found a glowing golden altar of the Shining One.
  1795 | D:3      | Reached XP level 5. HP: 43/47 MP: 4/4
  2197 | D:3      | Reached skill level 5 in Fighting
  2540 | D:3      | Found a shimmering altar of Xom.
  2543 | D:3      | Reached skill level 5 in Armour
  2778 | D:4      | Reached XP level 6. HP: 35/56 MP: 5/5
  3326 | D:4      | Found a snail-covered altar of Cheibriados.
  3330 | D:4      | Reached skill level 1 in Dodging
  3406 | D:4      | Found an iron altar of Okawaru.
  3413 | D:4      | Became a worshipper of Warmaster Okawaru
  3495 | D:4      | Found a radiant altar of Vehumet.
  4381 | D:5      | Entered Level 5 of the Dungeon
  4396 | D:5      | Reached skill level 5 in Shields
  4426 | D:5      | Reached skill level 5 in Long Blades
  4528 | D:5      | Reached XP level 7. HP: 36/61 MP: 6/6
  4641 | D:5      | Found a staircase to the Ecumenical Temple.
  4950 | D:6      | Reached * piety under Okawaru
  4967 | D:6      | Found Kuaras's Antique Armour Shop.
  5207 | D:6      | Noticed Sigmund
  5223 | D:5      | Reached XP level 8. HP: 37/70 MP: 7/7
  5623 | D:6      | Reached skill level 6 in Shields
  5727 | D:6      | Noticed Dowan
  5734 | D:6      | Killed Dowan
  5734 | D:6      | Reached ** piety under Okawaru
  5737 | D:6      | Noticed Duvessa
  5770 | D:6      | Killed Duvessa
  6211 | D:6      | Killed Sigmund
  6226 | D:6      | Reached skill level 7 in Shields
  6358 | D:6      | Reached XP level 9. HP: 70/78 MP: 8/8
  6375 | D:6      | Reached skill level 1 in Stealth
  6402 | D:6      | Reached *** piety under Okawaru
  6710 | D:7      | Noticed Menkaure
  6716 | D:7      | Killed Menkaure
  7224 | D:6      | Noticed Grinder
  7238 | D:6      | Killed Grinder
  7238 | D:6      | Reached skill level 8 in Shields
  7326 | D:6      | Found a runed translucent door.
  7327 | D:6      | Noticed Crazy Yiuf
  7362 | D:6      | Noticed Prince Ribbit
  7376 | D:6      | Killed Prince Ribbit
  7376 | D:6      | Reached **** piety under Okawaru
  7826 | D:7      | Reached skill level 10 in Long Blades
  8052 | D:7      | Got a fine chain mail
  8062 | D:7      | Identified the +4 chain mail of the Last Invaders {rF+
                  | Dex+4} (You found it on level 7 of the Dungeon)
  8149 | D:7      | Found a large runed translucent door.
  8150 | D:7      | Found a large runed translucent door.
  8152 | D:7      | Noticed Murumi's ghost (novice FoFi)
  8313 | D:7      | Killed Murumi's ghost
  8313 | D:7      | Reached skill level 9 in Shields
  8313 | D:7      | Reached XP level 10. HP: 80/86 MP: 9/9
  8416 | D:8      | Found Riurhops's Armour Shop.
  8503 | D:8      | Found Qeunnof's Distillery.
  8504 | D:8      | Found Oluninech's Antique Weapon Boutique.
  8637 | D:8      | Bought a potion of curing for 36 gold pieces
  8637 | D:8      | Bought a potion of curing for 36 gold pieces
  8719 | D:8      | Reached skill level 10 in Shields
  8753 | D:8      | Reached ***** piety under Okawaru
  9179 | D:9      | Found a staircase to the Lair.
  9500 | D:9      | Noticed Erica
  9519 | D:9      | Killed Erica
  9716 | D:9      | Found a blossoming altar of Fedhas.
  9766 | D:9      | Found a runed translucent gate.
  9767 | D:9      | Found a runed translucent gate.
  9767 | D:9      | Identified the cursed +1 short sword "Qohytifa" {pain, rC+}
  9768 | D:9      | Found a runed translucent gate.
  9768 | D:9      | Noticed hemabe71's ghost (novice HuAr)
  9962 | D:10     | Entered Level 10 of the Dungeon
 10056 | D:10     | Noticed a cyan ugly thing
 10062 | D:10     | Killed a cyan ugly thing
 10062 | D:10     | Received a gift from Okawaru
 10062 | D:10     | Reached skill level 11 in Shields
 10062 | D:10     | Reached XP level 11. HP: 94/94 MP: 10/10
 10106 | D:10     | Got an emerald-encrusted plate armour {god gift}
 10116 | D:10     | Identified the +1 plate armour "Baaseoxkoh" {MP+9 Str+3
                  | Int+4 Slay-6} (Okawaru gifted it to you on level 10 of the
                  | Dungeon)
 10159 | D:10     | Reached skill level 10 in Armour
 10202 | D:10     | Noticed a two-headed ogre
 10213 | D:10     | Killed a two-headed ogre
 10289 | D:10     | Got a fading chain mail
 10299 | D:10     | Identified the +1 chain mail "Hiubofyf" {*Slow rC+ Dex+4}
                  | (You found it on level 10 of the Dungeon)
 10316 | D:10     | Noticed Maggie
 10324 | D:10     | Killed Maggie
 10639 | D:10     | Found a staircase to the Orcish Mines.
 10885 | D:10     | Found Zeusotte's Antique Artefacts.
 10898 | D:10     | Bought a steaming brass ring for 125 gold pieces
 10911 | D:10     | Identified the cursed ring of Uxtaakla {rPois Dex+3 Slay-4}
                  | (You bought it in a shop on level 10 of the Dungeon)
 11278 | D:11     | Noticed a four-headed hydra
 11288 | D:11     | Killed a one-headed hydra
 11288 | D:11     | Reached skill level 12 in Shields
 11344 | D:11     | Noticed a green ugly thing
 11357 | D:11     | Killed a green ugly thing
 11511 | D:11     | Noticed a brown ugly thing
 11522 | D:11     | Killed a brown ugly thing
 12048 | D:11     | Noticed a two-headed ogre
 12054 | D:11     | Killed a two-headed ogre
 12054 | D:11     | Received a gift from Okawaru
 12054 | D:11     | Reached XP level 12. HP: 72/105 MP: 11/11
 12278 | D:12     | Noticed a two-headed ogre
 12290 | D:12     | Killed a two-headed ogre
 12307 | D:12     | Reached skill level 10 in Fighting
 12379 | D:12     | Noticed Josephine
 12675 | D:11     | Killed Josephine
 12675 | D:11     | Reached ****** piety under Okawaru
 12952 | D:12     | Received a gift from Okawaru
 12974 | D:12     | Noticed Fannar
 12990 | D:12     | Killed Fannar
 12990 | D:12     | Reached skill level 13 in Shields
 13311 | D:12     | Received a gift from Okawaru
 13314 | D:12     | Got a heavily runed plate armour {god gift}
 13324 | D:12     | Identified the +11 plate armour of the Tarantula {rC++ MR+}
                  | (Okawaru gifted it to you on level 12 of the Dungeon)
 13339 | D:12     | Found Ytimn's Assorted Antiques.
 13352 | D:12     | Bought a scroll of identify for 54 gold pieces
 13406 | D:12     | Noticed Maurice
 13414 | D:12     | Killed Maurice
 13518 | D:13     | Found a gate to the Vaults.
 13518 | D:13     | Noticed a centaur warrior
 13518 | D:13     | Noticed a two-headed ogre
 13518 | D:13     | Noticed Urug
 13521 | D:13     | Reached skill level 15 in Long Blades
 13774 | D:12     | Killed a two-headed ogre
 13913 | D:12     | Killed Urug
 13913 | D:12     | Reached XP level 13. HP: 68/116 MP: 12/12
 14722 | D:13     | Found Ihamiw's Armour Shoppe.
 14742 | D:13     | Reached skill level 1 in Throwing
 14780 | D:13     | Reached skill level 14 in Shields
 15122 | D:13     | Found Atiucu's Distillery.
 15162 | D:13     | Bought a potion of curing for 36 gold pieces
 15162 | D:13     | Bought a potion of heal wounds for 60 gold pieces
 15494 | D:14     | Found a runed translucent door.
 15513 | D:14     | Reached skill level 1 in Evocations
 15597 | D:14     | Noticed Louise
 15597 | D:14     | Noticed a fire dragon
 15612 | D:14     | Killed a fire dragon
 15612 | D:14     | Received a gift from Okawaru
 15643 | D:14     | Killed Louise
 16496 | D:15     | Entered Level 15 of the Dungeon
 17191 | D:15     | Found Hacka's Antique Armour Shop.
 17199 | D:15     | Bought a pair of runed gloves for 292 gold pieces
 17290 | D:15     | Reached skill level 15 in Shields
 17325 | D:15     | Noticed an ettin
 17334 | D:15     | Killed an ettin
 18010 | D:15     | Found a staircase to the Depths.
 18026 | D:15     | Reached XP level 14. HP: 118/126 MP: 13/13
 18492 | Lair:1   | Entered Level 1 of the Lair of Beasts
 18667 | Lair:1   | Received a gift from Okawaru
 18792 | Lair:1   | Reached skill level 5 in Throwing
 18854 | Lair:1   | Received a gift from Okawaru
 19531 | Lair:2   | Reached skill level 16 in Shields
 19882 | Lair:2   | Found a staircase to the Shoals.
 19908 | Lair:2   | Found a shimmering altar of Xom.
 20251 | Lair:2   | Found a hole to the Spider Nest.
 21534 | Lair:4   | Found a frozen archway.
 21561 | Lair:4   | Reached skill level 5 in Evocations
 21619 | IceCv    | Entered an ice cave
 21761 | IceCv    | Received a gift from Okawaru
 21958 | IceCv    | Got a wavering tin amulet
 22433 | Lair:4   | Identified the amulet "Mavixtu" {rC++ Regen+} (You found it
                  | in an ice cave)
 23038 | Lair:5   | Noticed Sonja
 23046 | Lair:5   | Cast into level 2 of the Abyss (Sonja)
 23097 | Lair:5   | Escaped the Abyss
 23102 | Lair:5   | Found a runed translucent gate.
 23102 | Lair:5   | Found a runed translucent gate.
 23102 | Lair:5   | Found a runed translucent gate.
 23106 | Lair:5   | Killed Sonja
 23132 | Lair:5   | Noticed Uxoog's ghost (journeyman VSWn)
 23393 | Lair:5   | Received a gift from Okawaru
 23393 | Lair:5   | Reached skill level 17 in Shields
 23396 | Lair:5   | Reached XP level 15. HP: 123/135 MP: 14/14
 23476 | Lair:5   | Got a translucent plate armour {god gift}
 23486 | Lair:5   | Identified the +8 plate armour of the Thirteen Beggars
                  | {rPois} (Okawaru gifted it to you on level 5 of the Lair of
                  | Beasts)
 23902 | Lair:5   | Killed Uxoog's ghost
 24002 | Lair:6   | Entered Level 6 of the Lair of Beasts
 24053 | Lair:6   | Found a staircase to the Slime Pits.
 24057 | Lair:6   | Found a viscous altar of Jiyva.
 26089 | Orc:1    | Entered Level 1 of the Orcish Mines
 26140 | Orc:1    | Found a runed translucent door.
 26188 | Orc:1    | Found the +10 tower shield of Ignorance {rN+ Int-4}
 26205 | Orc:1    | Found a runed translucent door.
 26474 | Orc:1    | Noticed an orc warlord
 26565 | Orc:1    | Lost intelligence.
 30212 | Orc:1    | Touched by the power of Zot.
 30226 | Orc:2    | Entered Level 2 of the Orcish Mines
 30235 | Orc:2    | Noticed Nessos
 30246 | Orc:2    | Killed Nessos
 30384 | Orc:2    | Noticed an orc warlord
 30406 | Orc:2    | Mangled by an orc warlord

Illustrated notes

Levels and vault maps discovered:
D:1:      lightli_molten_gateway, layout_basic, minmay_pentomino_p4
D:2:      layout_basic, old_standard_altar, nicolae_overflow_crystal_walls
D:3:      layout_basic, xom_butterflies, minivault_26
D:4:      layout_basic, kennysheep_slug_shrine, vehumet_altar_wand_db,
          okawaru_ov_weapons_minmay
D:5:      layout_gridville, minmay_temple_entry_enclosed_plants
D:6:      kennysheep_housing_project, layout_rooms, serial_shops,
          nicolae_shop_stone, uniq_grinder, uniq_prince_ribbit1,
          uniq_crazy_yiuf_cottage, uniq_sigmund, uniq_duvessa
D:7:      layout_loops_ring, ebering_ghost_disaster_area, uniq_menkaure
D:8:      layout_rooms, serial_shops, shop, nicolae_shop_crystal,
          kennysheep_mini_moat
D:9:      layout_roguey, fedhas_altar_2, david_lair_shrubbed,
          serial_corexii_hall, corexii_hall_statues_u, chequers_hall_statues_y,
          gammafunk_ghost_nasty_kobolds, uniq_erica
D:10:     layout_roguey, hiddenorc2_lemuel, special_room [special_room_bee],
          nicolae_antique_artefacts, onia_ninara_cookie, uniq_maggie
D:11:     layout_basic
D:12:     layout_big_octagon, serial_shops, shop, serial_bayou_pond_c,
          uniq_maurice, uniq_fannar, uniq_josephine
D:13:     layout_basic, david_vaults_3, serial_shops, shop,
          nicolae_shop_behind_doors
D:14:     cheibrodos_shockbox, layout_basic, uniq_louise
D:15:     hangedman_depths_entry_civil_slaughter, layout_cave_pods,
          serial_shops, shop
Lair:1:   layout_cave_pods, beast_lair_carwin_7
Lair:2:   layout_gridlike, shoals_dummy_entry,
          nicolae_spider_entry_tight_spaces, basic_altar
Lair:3:   layout_loops_ring, lemuel_fruit_fields, serial_bayou_shore_a
Lair:4:   layout_regular_city, portal_ice_cave_entry_ice_beasts,
          serial_bayou_pond_e
Lair:5:   layout_gridlike, gammafunk_ghost_split, special_room
          [special_room_mythical_zoo], infiniplex_staircase_pool,
          lemuel_fruit_fields, grunt_megastairs_2, uniq_sonja
Lair:6:   due_jungle_book, layout_small_grid, slime_altar_1,
          minmay_lair_oklob_chamber
Orc:1:    layout_caves, chequers_guarded_unrand_ignorance
Orc:2:    st_orc_open, layout_caves, uniq_nessos

Skill      XL: |  1  2  3  4  5  6  7  8  9 10 11 12 13 14 15 |
---------------+----------------------------------------------+-----
Fighting       | 4 5 6 7 8 9 11 12 13 | 13.3
Armour         | 4 5 6 8 9 10 11 12 13 | 13.8
Long Blades    | 3 4 5 6 8 10 12 13 15 | 15.2
Shields        | 4 5 7 9 11 12 13 15 17 | 17.5
Dodging        | 2 3 4 |  4.6
Stealth        | 1 |  1.4
Throwing       | 4 6 7 |  7.5
Evocations     | 3 5 6 |  6.4
Invocations    | |  0.4

Action                   |  1- 3 |  4- 6 |  7- 9 | 10-12 | 13-15 || total
-------------------------+-------+-------+-------+-------+-------++-------
Melee: Long sword        |    84 |   182 |   410 |   213 |       ||   889
       Headbutt          |    13 |    37 |    84 |   133 |   228 ||   495
       Scimitar          |       |       |       |   534 |  1065 ||  1599
Throw: Javelin           |       |     2 |       |       |    58 ||    60
Invok: Heroism           |       |       |       |       |     1 ||     1
       Finesse           |       |       |       |       |     1 ||     1
Evoke: Wand              |       |       |       |     2 |       ||     2
       Lightning rod     |       |       |       |       |     2 ||     2
  Use: Potion            |       |     1 |       |     3 |     4 ||     8
       Scroll            |       |       |     8 |    15 |    13 ||    36
 Stab: Distracted        |       |       |     1 |       |       ||     1
       Petrified         |       |       |       |       |     2 ||     2
Armor: Scale mail        |    33 |    44 |       |       |       ||    77
       Plate armour      |       |    24 |   199 |   321 |   612 ||  1156
       Chain mail        |       |       |     3 |       |       ||     3
Dodge: Dodged            |    30 |    59 |   116 |   168 |   226 ||   599
Block: Kite shield       |    41 |    83 |   264 |   501 |    93 ||   982
       Tower shield      |       |       |       |       |  1079 ||  1079
       Rpst.: Long sword |     6 |    16 |    24 |     9 |       ||    55
       Scimitar          |       |       |       |    37 |    49 ||    86

Table legend: (Time is in decaauts)
 A = Elapsed time spent in this place.
 B = Non-inter-level travel time spent in this place.
 C = Inter-level travel time spent in this place.
 D = Time resting spent in this place.
 E = Time spent auto-exploring this place.
 F = Levels seen in this place.
 G = Mean time per level.
                   A        B        C        D        E       F      G
               +--------+--------+--------+--------+--------+-----+--------+
         Total |  32101 |  30573 |   1528 |  10931 |  14750 |  25 | 1284.0 |
       Dungeon |  18797 |  17801 |    996 |   4872 |   9702 |  15 | 1253.1 |
          Lair |   6732 |   6208 |    524 |   1042 |   4181 |   6 | 1122.0 |
  Orcish Mines |   5888 |   5881 |      7 |   5017 |    460 |   2 | 2944.0 |
         Abyss |     49 |     49 |      0 |      0 |     28 |   1 |   49.0 |
      Ice Cave |    632 |    632 |      0 |      0 |    378 |   1 |  632.0 |
               +--------+--------+--------+--------+--------+-----+--------+

Top non-repeatable levels by time:
   Orc:1: 5628 daAuts
     D:6: 2166 daAuts
  Lair:6: 1864 daAuts
    D:15: 1846 daAuts
     D:4: 1674 daAuts
    D:10: 1628 daAuts
    D:12: 1592 daAuts
    D:11: 1455 daAuts
  Lair:2: 1185 daAuts
    D:13: 1157 daAuts
  Lair:5: 1088 daAuts
     D:2: 1083 daAuts
     D:3: 1052 daAuts
     D:7: 996 daAuts
    D:14: 988 daAuts
